 Dungeon Crawl Stone Soup version 0.31.0-12-g77e489cdc1 (webtiles) character file.

Game seed: 11266099093200930890

1985 CrypticCrinoid the Cleaver (level 9, -2/78 HPs)
             Began as a Minotaur Berserker on Feb 24, 2024.
             Was a Priest of Trog.
             Slain by an unseen horror (8 damage)
             ... on level 7 of the Dungeon.
             The game lasted 00:13:20 (5028 turns).

CrypticCrinoid the Cleaver (Minotaur Berserker)     Turns: 5028, Time: 00:13:20

Health: -2/78      AC: 16    Str: 26    XL:     9   Next: 1%
Magic:  8/8        EV:  9    Int:  4    God:    Trog [***...]
Gold:   469        SH:  0    Dex: 10    Spells: 8/8 levels left

rFire   . . .        a - +0 hand axe
rCold   + . .        (no shield)
rNeg    . . .        E - +0 plate armour
rPois   .            (helmet restricted)
rElec   .            v - +0 cloak
rCorr   .            x - +0 pair of gloves
SInv    .            (no boots)
Will    +....        (no amulet) Stlth
                     c - ring of protection from cold
HPRegen 0.33/turn    b - ring of willpower
MPRegen 0.11/turn

%: no passive effects
@: on berserk cooldown, slowed, very slow
A: horns 2, retaliatory headbutt
a: Renounce Religion, Berserk, Trog's Hand


You were on level 7 of the Dungeon.
You worshipped Trog.
Trog was most pleased with you.
You visited 1 branch of the dungeon, and saw 7 of its levels.

You collected 469 gold pieces.

Inventory:

Hand Weapons
 a - a +0 hand axe (weapon)
Armour
 v - a +0 cloak (worn)
 x - a +0 pair of gloves (worn)
 E - a +0 plate armour (worn)
Jewellery
 b - a ring of willpower (right hand)
 c - a ring of protection from cold (left hand)
 A - an amulet of regeneration
Wands
 y - a wand of flame (12)
 z - a wand of charming (5)
Scrolls
 d - 5 scrolls of noise {unknown}
 e - 2 scrolls of fear
 g - a scroll of blinking {unknown}
 h - 2 scrolls of immolation
 k - a scroll of fog {unknown}
 m - a scroll of amnesia {unknown}
 p - 5 scrolls of teleportation {unknown}
 q - a scroll of vulnerability {unknown}
 r - 4 scrolls of identify
 w - 2 scrolls of brand weapon {unknown}
 D - a scroll of butterflies {unknown}
Potions
 f - 4 potions of curing
 i - a potion of magic {unknown}
 j - a potion of brilliance {unknown}
 l - 2 potions of degeneration {unknown}
 n - a potion of enlightenment {unknown}
 o - a potion of experience {unknown}
 s - a potion of might {unknown}
 t - 3 potions of lignification
 u - a potion of haste {unknown}
 B - a potion of resistance {unknown}
 C - 2 potions of heal wounds {unknown}


   Skills:
 * Level 6.7 Fighting
 * Level 9.3 Axes
 * Level 8.5 Armour
 * Level 5.0 Dodging


You had 8 spell levels left.
You didn't know any spells.
Your spell library was empty.

Dungeon Overview and Level Annotations

Branches:
Dungeon (7/15)             Temple (0/1) D:5

Altars:
Gozag
Okawaru
Zin
The Shining One


Innate Abilities, Weirdness & Mutations

You have a pair of horns on your head.
You reflexively headbutt those who attack you in melee.


Message History

Something hits you but does no damage.
A red film seems to cover your vision as you go berserk!
You feel yourself moving faster!
You feel mighty! Something hits you but does no damage. Something hits you.
* * * LOW HITPOINT WARNING * * *
The kobold barely misses you.
You closely miss the kobold. You headbutt the kobold.
The kobold is severely wounded.
The kobold closely misses you.
You closely miss the kobold.
The kobold is severely wounded.
You closely miss something. Something hits you but does no damage.
You slash the kobold!
You kill the kobold!
Trog accepts your kill.
You slash something! Something hits you but does no damage.
You barely miss something.
Something hits you but does no damage. x2
You slash something! Something hits you but does no damage.
You hit something. Your headbutt misses something.
Something hits you but does no damage. x2
You barely miss something. You closely miss something.
Something hits you but does no damage.
You see here a +0 short sword.
You feel a strong urge to attack something.
Something hits you but does no damage.
You feel your anger nearly subside.
You are no longer berserk.
You are exhausted.
You feel yourself slow down. Something hits you.
* * * LOW HITPOINT WARNING * * *
You hit something but do no damage. You headbutt something.
Something hits you but does no damage. Something hits you.
* * * LOW HITPOINT WARNING * * *
Something hits you.
* * * LOW HITPOINT WARNING * * *
Something hits you.
* * * LOW HITPOINT WARNING * * *
Something hits you but does no damage. Something hits you but does no damage.
Something hits you!
You die...

#.............##.#.##.#
#..........####.#.....#
#########...........###
#..###.#..#.#
#..###.#..#.#
#.......).#.#
##.#...#.##.#
#.#...#.##.#
#.@..).....#
###...#####.......
#...# .##.##. #...# ..
#...# .## ..... ..
....... .. ...%..... ..


There were no monsters in sight!

Vanquished Creatures
  Pikel (D:5)
  Menkaure (D:4)
  2 ice beasts
  A black bear (D:6)
  A centaur (D:6)
  2 ogres
  A lemure (D:5)
  A bullfrog (D:7)
  A kobold brigand (D:6)
  A gnoll sergeant (D:5)
  A scorpion (D:5)
  3 jellies
  2 howler monkeys (D:5)
  3 hounds
  2 sleepcaps
  Crazy Yiuf (D:5)
  Ijyb (D:4)
  2 orc wizards
  4 gnolls
  5 adders
  A shadow imp (D:7)
  2 white imps
  2 ufetubi (D:5)
  12 dart slugs
  A ribbon worm (D:4)
  4 orcs
  10 ball pythons
  5 endoplasms
  2 giant cockroaches
  9 hobgoblins
  2 jackals (D:1)
  4 quokkas
  4 bats
  A frilled lizard (D:3)
  5 goblins
  13 kobolds
  2 rats
115 creatures vanquished.

Notes
Turn   | Place    | Note
-------+----------+-------------------------------------------
     0 | D:1      | CrypticCrinoid the Minotaur Berserker began the quest for
                  | the Orb.
     0 | D:1      | Reached XP level 1. HP: 19/19 MP: 0/0
   182 | D:1      | Reached XP level 2. HP: 24/27 MP: 1/1
   718 | D:1      | Reached skill level 4 in Axes
  1050 | D:2      | Reached XP level 3. HP: 26/34 MP: 2/2
  1453 | D:3      | Reached ** piety under Trog
  1625 | D:3      | Found a glowing silver altar of Zin.
  1861 | D:3      | Reached XP level 4. HP: 41/41 MP: 3/3
  2017 | D:4      | Found an opulent altar of Gozag.
  2093 | D:4      | Noticed Menkaure
  2098 | D:4      | Killed Menkaure
  2099 | D:4      | Reached skill level 5 in Fighting
  2099 | D:4      | Reached skill level 5 in Axes
  2099 | D:4      | Reached XP level 5. HP: 48/48 MP: 4/4
  2101 | D:4      | Noticed an ogre
  2109 | D:4      | Killed an ogre
  2110 | D:4      | Reached XP level 6. HP: 42/56 MP: 5/5
  2181 | D:4      | Noticed Ijyb
  2192 | D:4      | Killed Ijyb
  2360 | D:4      | Found an iron altar of Okawaru.
  2361 | D:4      | Found a glowing golden altar of the Shining One.
  2683 | D:4      | Reached skill level 6 in Axes
  2739 | D:4      | Reached *** piety under Trog
  3155 | D:5      | Entered Level 5 of the Dungeon
  3159 | D:5      | Noticed Pikel
  3173 | D:5      | Killed Pikel
  3174 | D:5      | Reached skill level 7 in Axes
  3174 | D:5      | Reached XP level 7. HP: 35/63 MP: 6/6
  3228 | D:5      | Reached XP level 8. HP: 15/70 MP: 7/7
  3808 | D:5      | Found a runed translucent door.
  3809 | D:5      | Noticed Crazy Yiuf
  3816 | D:5      | Killed Crazy Yiuf
  3995 | D:5      | Found a staircase to the Ecumenical Temple.
  4130 | D:5      | Reached skill level 8 in Axes
  4629 | D:6      | Reached skill level 9 in Axes
  4901 | D:7      | Reached skill level 5 in Dodging
  4909 | D:7      | Reached XP level 9. HP: 78/78 MP: 8/8
  5028 | D:7      | Slain by an unseen horror

Illustrated notes

Levels and vault maps discovered:
D:1:      nicolae_arrival_memento_mori, layout_basic, serial_park_tiny_1
D:2:      layout_rooms
D:3:      layout_basic, mainiacjoe_overflow_chevrons,
          minmay_randomly_rotated_circles
D:4:      kennysheep_slugbush, layout_basic, gammafunk_temple_overflow_statue,
          marbit_many_paths, kennysheep_decorative_pillar, uniq_menkaure,
          uniq_ijyb
D:5:      layout_basic, minmay_temple_entry_grid, uniq_crazy_yiuf_cottage,
          uniq_pikel
D:6:      layout_basic
D:7:      layout_loops_cross, nicolae_dithmenos_shadow_blocks

Skill      XL: |  1  2  3  4  5  6  7  8 |
---------------+-------------------------+-----
Fighting       | 4 5 6 |  6.7
Axes           | 4 5 7 9 |  9.3
Armour         | 4 6 8 |  8.5
Dodging        | 3 4 5 |  5.0

Action                     |  1- 3 |  4- 6 |  7- 9 || total
---------------------------+-------+-------+-------++-------
  Melee: Hand axe          |    70 |   120 |   157 ||   347
         Headbutt          |     8 |    17 |    36 ||    61
         Punch             |       |     2 |     2 ||     4
 Invoke: Berserk           |       |     2 |     4 ||     6
    Use: Scroll            |     1 |     3 |       ||     4
 Armour: Animal skin       |    16 |       |       ||    16
         Scale mail        |    26 |       |       ||    26
         Ring mail         |     4 |       |       ||     4
         Chain mail        |     8 |   118 |    36 ||   162
         Plate armour      |       |       |   159 ||   159
  Dodge: Dodged            |    51 |    74 |    56 ||   181
